 Dungeon Crawl Stone Soup version 0.17-a0-1831-gaadb308 (webtiles) character file.

8379597 nubinia the Archmage (level 27, 137/137 HPs)
             Began as a Spriggan Venom Mage on Sept 8, 2015.
             Was the Champion of Zin.
             Escaped with the Orb
             ... and 15 runes on Sept 15, 2015!
             The game lasted 1 day 03:49:28 (208018 turns).

nubinia the Archmage (Spriggan Venom Mage)    Turns: 208018, Time: 1 , 03:49:29

Health: 137/137    AC: 16    Str:  4    XL:     27
Magic:  73/73      EV: 45    Int: 24    God:    Zin [******]
Gold:   4619       SH: 14    Dex: 26    Spells: 19 memorised, 6 levels left

rFire  + + .     SeeInvis +     b - +9 rapier (protect)
rCold  . . .     Clarity  .     K - +2 robe {Archmagi}
rNeg   + . .     SustAt   +     C - +3 buckler {AC+3}
rPois  .         Gourm    .     J - +2 hat of the Bear Spirit {Spirit, +Rage rN+ MR++}
rElec  .         Spirit   +     o - +1 cloak "Boneusk" {rF+ MP+9}
rCorr  .         Warding  .     (gloves unavailable)
rMut   .         Stasis   .     (boots unavailable)
MR     +++++                    r - amulet of regeneration
Stlth  +++++.....               I - ring of Perfectionism {MP+9 SInv Stlth+}
                                D - ring "Tauciledd" {SustAt +Blink rF+ Dex+4}

@: deflect missiles, very quick, almost entirely resistant to hostile
enchantments, quite stealthy
A: unfitting armour, thin skeletal structure 1, see invisible, herbivore 3,
speed 3, slow metabolism 2, weak 1
a: Donate Gold, Recite, Vitalisation, Imprison, Sanctuary, Cure All Mutations,
Renounce Religion, Evoke Blink, Evoke Berserk Rage
0: Orb of Zot
}: 15/15 runes: barnacled, slimy, silver, golden, iron, obsidian, icy, bone,
abyssal, demonic, glowing, magical, fiery, dark, gossamer


You escaped.
You worshipped Zin.
Zin was exalted by your worship.
You were not hungry.

You visited 17 branches of the dungeon, and saw 94 of its levels.
You visited Pandemonium 6 times, and saw 18 of its levels.
You visited the Abyss 8 times.
You also visited: Sewer, Ice Cave, Volcano and Wizlab.

You collected 15457 gold pieces.
You spent 3261 gold pieces at shops.
You donated 7577 gold pieces to Zin.

Inventory:

Hand weapons
 a - a +9 quick blade of freezing
 b - a +9 rapier of protection (weapon)
 m - the +7 hunting sling of Mayhem {speed, rC++ MR+}
   (You took it off an angel in Pandemonium)

   Attacks with this weapon are significantly faster.
   It greatly protects you from cold.
   It affects your resistance to hostile enchantments.
 n - the +10 short sword of the Abyss {venom, MP+9 Int+2 Dex-2 Stlth-}
   (You found it on level 3 of the Tomb of the Ancients)

   It poisons the flesh of those it strikes.
   It affects your intelligence (+2).
   It affects your dexterity (-2).
   It affects your magic capacity (+9).
   It makes you less stealthy.
Armour
 i - a +2 cloak of magic resistance
 k - the +0 cloak "Bopp" {rC- rCorr MP+9 SInv}
   (You found it on level 3 of the Tomb of the Ancients)

   It makes you vulnerable to cold.
   It affects your magic capacity (+9).
   It lets you see invisible.
   It protects you from acid and corrosion.
 o - the +1 cloak "Boneusk" (worn) {rF+ MP+9}
   (You found it in Pandemonium)

   It protects you from fire.
   It affects your magic capacity (+9).
 x - the cursed +0 cloak "Veliwkij" {rPois rF+ rC- rN+++}
   (You found it in Pandemonium)

   It protects you from fire.
   It makes you vulnerable to cold.
   It protects you from poison.
   It renders you almost immune to negative energy.
   It has a curse placed upon it.
 C - a +3 buckler of protection (worn)
 J - the +2 hat of the Bear Spirit (worn) {Spirit, +Rage rN+ MR++}
   (You found it on level 3 of the Elven Halls)

   It protects you from negative energy.
   It affects your resistance to hostile enchantments.
   It lets you go berserk.
 K - a +2 robe of the Archmagi (worn)
 N - a +3 buckler of resistance
 S - a +3 buckler of poison resistance
Jewellery
 r - an amulet of regeneration (around neck)
 s - the amulet "Juqak" {+Rage MR++ Str+3}
   (You took it off a cherub in Pandemonium)

   [amulet of rage]

   It affects your strength (+3).
   It affects your resistance to hostile enchantments.
   It lets you go berserk.
 D - the ring "Tauciledd" (left hand) {SustAt +Blink rF+ Dex+4}
   (You took it off an angel in Pandemonium)

   [ring of sustain attributes]

   It sustains your strength, intelligence and dexterity.
   It affects your dexterity (+4).
   It protects you from fire.
   It lets you blink.
 I - the ring of Perfectionism (right hand) {MP+9 SInv Stlth+}
   (You took it off a red draconian on level 5 of the Realm of Zot)

   [ring of stealth]

   It affects your magic capacity (+9).
   It lets you see invisible.
   It makes you more stealthy.
 P - the ring "Zocaalex" {rF+ rN+ MR+}
   (You found it on level 3 of the Crypt)

   [ring of positive energy]

   It protects you from fire.
   It protects you from negative energy.
   It affects your resistance to hostile enchantments.
 T - the amulet of Suspicion {rCorr -Tele rPois rF+ Int+4}
   (You found it on level 6 of the Pits of Slime)

   [amulet of resist corrosion]

   It protects you from acid and corrosion.
   It affects your intelligence (+4).
   It protects you from fire.
   It protects you from poison.
   It prevents most forms of teleportation.
 W - the amulet "Zownukod" {rMut MP+9}
   (You took it off a balrug in Pandemonium)

   [amulet of resist mutation]

   It protects you from mutation.
   It affects your magic capacity (+9).
 X - an uncursed amulet of warding
Magical devices
 c - a wand of cold (1)
 h - a wand of disintegration (5)
 l - a wand of teleportation (4)
 U - a wand of cold (6)
Scrolls
 d - 19 scrolls of remove curse
 f - 2 scrolls of blinking
 g - 12 scrolls of fear
 j - 8 scrolls of identify
 w - 15 scrolls of recharging
 H - 4 scrolls of magic mapping
Potions
 e - 15 potions of brilliance
 p - 9 potions of might
 q - 4 potions of heal wounds
 t - 3 potions of flight
 v - 11 potions of haste
 z - 12 potions of curing
 A - 15 potions of agility
 E - 2 potions of invisibility
 F - 6 potions of resistance
 L - a potion of cancellation
 Q - 2 potions of magic
Miscellaneous
 y - a phial of floods
 R - 2 phantom mirrors
 V - a lamp of fire
 Z - a stone of tremors
Comestibles
 u - 21 bread rations


   Skills:
 + Level 12.2 Fighting
 + Level 19.6 Short Blades
   Level 0.2 Maces & Flails
 + Level 0.7 Throwing
 O Level 27 Dodging
 O Level 27 Stealth
 - Level 12.5 Shields
 - Level 0.1 Unarmed Combat
 O Level 27 Spellcasting
 - Level 17.3 Conjurations
 * Level 17.0 Hexes
 + Level 26.2 Charms
   Level 2.6 Necromancy
 O Level 27 Translocations
   Level 7.0 Transmutations
 + Level 7.2 Fire Magic
 + Level 5.1 Ice Magic
 * Level 18.3 Air Magic
 - Level 6.5 Poison Magic
 + Level 19.4 Invocations
 + Level 3.3 Evocations


You had 6 spell levels left.
You knew the following spells:

 Your Spells              Type           Power        Failure   Level  Hunger
a - Magic Dart            Conj           ####         0%          1    None
b - Airstrike             Air            ########..   0%          4    None
c - Mephitic Cloud        Conj/Pois/Air  #######.     0%          3    None
d - Dazzling Spray        Conj/Hex       ########     0%          3    None
e - Iskenderun's Mystic   Conj           ########     0%          4    None
f - Force Lance           Conj/Tloc      ########     0%          4    None
g - Shroud of Golubria    Chrm/Tloc      ########..   0%          2    None
h - Passage of Golubria   Tloc           N/A          0%          4    None
i - Iskenderun's Battles  Conj/Chrm      ########     0%          5    None
k - Dispersal             Tloc           ########..   0%          6    None
l - Summon Lightning Spi  Summ/Air       #######.     1%          4    None
m - Mass Confusion        Hex            ########..   1%          6    None
o - Ozocubu's Armour      Chrm/Ice       ########     0%          3    None
p - Phase Shift           Tloc           ########..   0%          5    None
r - Sticky Flame          Conj/Fire      #######.     1%          4    None
A - Apportation           Tloc           ########..   0%          1    None
B - Blink                 Tloc           N/A          0%          2    None
C - Controlled Blink      Tloc           N/A          1%          7    ##.....
D - Deflect Missiles      Chrm/Air       ########..   1%          6    None


Dungeon Overview and Level Annotations

Branches:
Dungeon (15/15)            Temple (0/1) D:7            Lair (8/8) D:9
 Shoals (4/4) Lair:5       Spider (4/4) Lair:6        Slime (6/6) Lair:7
    Orc (4/4) D:12            Elf (3/3) Orc:4        Vaults (5/5) D:13
  Crypt (3/3) Vaults:2       Tomb (3/3) Crypt:3      Depths (5/5) D:15
   Hell (1/1)                 Dis (7/7) Hell            Geh (7/7) Hell
    Coc (7/7) Hell            Tar (7/7) Hell            Zot (5/5) Depths:5

Altars:
Cheibriados
Gozag
Kikubaaqudgha
Makhleb
Nemelex Xobeh
Sif Muna
Trog
Xom
Yredelemnul
Zin
Beogh
Jiyva

Shops:
D:5 }   D:9 (   D:14 (   Orc:1 ?[*   Orc:4 (*(?*   Vaults:4 (   Vaults:5 =
Depths:1 =[*[*

Portals:
Hell: Lair:8 Depths:1 Depths:2 Depths:3 Depths:4 Depths:5
Abyss: Depths:1 Depths:4 Depths:5
Pandemonium: Depths:3
Ziggurat: Depths:2

Annotations:
Slime:6 achirane's ghost, legendary FoFi
Elf:1 exclusion: door
Vaults:1 Xtahua
Crypt:2 Khufu
Dis:7 Dispater
Geh:7 Asmodeus
Coc:7 exclusion: ice statue, Antaeus; Serpent of
Hell
Tar:7 Ereshkigal


Innate Abilities, Weirdness & Mutations

You are tiny and cannot use many weapons and most armour.
You have supernaturally acute eyesight.
You are a herbivore.
You cover ground extremely quickly.
You need consume almost no food.
You have a somewhat thin skeletal structure (Dex +2, Stealth).
You are weak. (Str -2)


Message History

(V) Vaults (C) Crypt (W) Tomb (U) Depths (H) Hell (I) Dis (G) Gehenna (X) Cocytus (Y) Tartarus (Z) Zot
Where to? (Enter - D:5 @ (x,y), ? - help)
A hellwing comes into view.
There is a stone staircase leading up here.
You climb upwards.
There is a stone staircase leading down here.
There is a stone staircase leading up here.
You climb upwards.
There is a stone staircase leading down here.
There is a stone staircase leading up here.
You climb upwards.
There is a stone staircase leading down here.
There is a stone staircase leading up here.
You climb upwards.
There is a stone staircase leading down here.
There is an open door here.
There is a staircase leading out of the dungeon here.
You have escaped!

#'# ####.####
#.'...†.# #####
####.#### ....#
#†'...'.# ###.#
####.#### ###.#
#.'...'.# ....#
######.#### ##..#
#...'.@.'.# ##..#
#.####.#### ....#
#.#.'...'.#
##.########.####.####
.......>....#.'...'.#
################.####
######## #.'...'.#
.......# ####.####
.......# #'#


There were no monsters in sight!

Vanquished Creatures
  the royal jelly (Slime:6)
  6 orbs of fire
  9 ancient liches
  Mara (Depths:3)
  Mennas (Tomb:1)
  32 greater mummies
  Sojobo (Depths:4)
  Boris (twice) (Crypt:2 Depths:3)
  Norris (Spider:2)
  Saint Roka (Depths:3)
  3 curse toes
  6 Killer Klowns
  Geryon (Hell)
  A caustic shrike (shapeshifter) (Depths:3)
  11 golden dragons
  the Enchantress (Depths:3)
  5 bone dragons
  Arachne (Spider:3)
  4 Brimstone Fiends
  The ghost of Nico3ck the Slayer, a mighty MiBe of Trog (Vaults:4)
  3 electric golems
  A hellephant (Depths:3)
  17 liches
  The ghost of 4thArraOfDagon the Brawler, a mighty TrCK of Cheibriados (Slime:2)
  23 tentacled monstrosities
  The ghost of Zebura the Bludgeoner, a mighty CeFi of Okawaru (Depths:1)
  A Hell Sentinel (Dis:7)
  A pandemonium lord (Pan)
  25 Orb Guardians (Zot:5)
  3 deep elf blademasters
  7 titans
  A Shadow Fiend (Tar:1)
  2 deep elf master archers (Elf:3)
  2 quicksilver dragons
  16 acid blobs
  23 Executioners
  A tentacled starspawn (Abyss:2)
  A kraken (Abyss:1)
  15 sphinxes
  5 tengu reavers
  3 ancient champions
  Frances (Shoals:1)
  10 death cobs
  18 storm dragons
  5 draconian monks
  7 shadow dragons
  2 blood saints (Pan)
  12 azure jellies
  28 daevas (Pan)
  Ilsuiw (Shoals:4)
  10 fire giants
  10 ghost moths
  2 revenants (Crypt:3)
  Donald (Crypt:2)
  18 frost giants
  9 draconian knights
  Maud (Lair:7)
  7 draconian scorchers
  8 deep elf sorcerers
  20 vault wardens
  7 iron dragons
  8 emperor scorpions
  4 curse skulls
  5 warmongers (Pan)
  14 draconian zealots
  25 cacodemons
  9 draconian shifters
  22 balrugs
  8 war gargoyles
  A ghost moth (shapeshifter) (Depths:3)
  4 ghouls
  14 ironheart preservers
  10 very ugly things
  24 ophanim (Pan)
  12 draconian annihilators
  46 angels (Pan)
  17 reapers
  8 green draconians
  5 spriggan defenders (Depths:3)
  6 draconian callers
  45 apis (Pan)
  21 stone giants
  5 lorocyprocas
  4 vampire knights
  The ghost of 4thArraOfDagon the Severer, a powerful DDBe of Trog (Elf:3)
  4 salamander firebrands
  7 black draconians
  6 deep elf demonologists
  3 salamander stormcallers
  17 deep elf annihilators
  25 mottled draconians
  9 bennus
  4 chaos champions (Pan)
  13 red draconians
  Azrael (Elf:1)
  12 white draconians
  22 purple draconians
  16 yellow draconians
  2 corrupters (Pan)
  6 deep elf death magi
  An eidolon (Crypt:3)
  11 ettins
  10 blizzard demons
  Snorg (Lair:5)
  20 fire dragons
  23 mummy priests
  4 merfolk javelineers
  5 death oozes
  2 quicksilver dragon zombies
  9 green deaths
  16 jiangshi
  14 merfolk impalers
  22 yaktaur captains
  Erolcha (Orc:1)
  22 great orbs of eyes
  13 rakshasas
  7 entropy weavers
  4 quicksilver dragon skeletons
  33 vault guards
  A ghost crab (shapeshifter) (Vaults:3)
  Harold (D:13)
  A ghost crab (Tar:4)
  2 hell beasts
  3 spriggan air magi (Depths:3)
  A monstrous demonspawn (Pan)
  7 deep elf high priests
  12 hydras
  9 statues (WizLab)
  21 ice dragons
  5 merfolk avatars
  4 death knights
  Erica (Lair:1)
  13 deep troll shamans
  16 dancing weapons (Elf:2)
  5 vampire magi
  6 satyrs
  39 small abominations
  A queen ant (Lair:1)
  5 alligator snapping turtles
  12 merfolk aquamancers
  13 centaur warriors
  12 death yaks
  12 hell hogs
  6 tengu warriors
  6 holy swine (Pan)
  9 thrashing horrors
  12 ogre magi
  12 deep troll earth magi
  5 iron golems
  3 titan zombies
  Urug (D:13)
  9 orc high priests
  3 storm dragon zombies
  20 soul eaters
  10 spriggan berserkers
  32 sun demons
  3 shock serpents (Pan)
  Sonja (D:15)
  2 titan skeletons
  14 hell knights
  6 wretched stars
  37 skeletal warriors
  2 fire crabs
  13 iron trolls
  44 deep trolls
  14 ice devils
  8 shadow wraiths
  126 death scarabs
  23 deep elf knights
  3 golden dragon zombies
  8 unseen horrors
  A ghost moth zombie (Dis:7)
  A storm dragon skeleton (Crypt:3)
  A death drake (Hell)
  A putrid demonspawn (Pan)
  3 giant orange brains
  8 sea snakes
  27 cherubim (Pan)
  7 anaconda zombies
  9 deep elf summoners
  6 spriggan druids (Depths:3)
  4 infernal demonspawn (Pan)
  4 ice statues
  25 anubis guards
  4 shadow demons
  19 flayed ghosts
  23 orc knights
  A tengu zombie (Depths:2)
  30 harpies
  2 torturous demonspawn (Pan)
  3 shadow dragon zombies
  4 anaconda skeletons
  27 phantasmal warriors
  3 necromancers
  26 ironbrand convokers
  A lindwurm (Lair:2)
  9 hill giants
  A mana viper (Abyss:1)
  10 deep elf conjurers
  16 orb spiders
  3 orc sorcerers
  A hornet (shapeshifter) (D:15)
  A gelid demonspawn (Pan)
  3 golden dragon skeletons
  13 shining eyes
  An iron dragon zombie (Depths:2)
  4 shadow dragon skeletons
  A fire giant zombie (Tomb:2)
  4 stone giant zombies
  4 fauns
  33 wolf spiders
  10 cyclopes
  2 worldbinders (Abyss:1)
  A salamander (Geh:6)
  3 wolf spider zombies
  15 griffons
  19 sixfirhies
  8 wizards
  14 manticores
  54 ugly things
  15 hornets
  2 frost giant zombies
  A sphinx skeleton (Volcano)
  A guardian serpent (Abyss:1)
  33 moths of wrath
  3 iron dragon skeletons
  2 eyes of devastation (Pan)
  12 elephants
  Maurice (D:10)
  15 vault sentinels
  10 fire giant skeletons
  9 sirens
  Joseph (D:13)
  44 smoke demons
  2 frost giant skeletons
  2 dire elephant zombies
  8 water nymphs
  3 apocalypse crabs (Abyss:1)
  23 rust devils
  An eye of devastation (shapeshifter) (Vaults:4)
  A moth of wrath (shapeshifter) (Vaults:3)
  4 gargoyles (Crypt:3)
  A storm dragon simulacrum (Crypt:2)
  17 hellions
  A stone giant skeleton (Tar:1)
  2 centaur zombies
  23 orange demons
  23 efreet
  5 spectral swamp worms (Depths:1)
  14 spiny frogs
  A torpor snail (Spider:3)
  2 dire elephant skeletons
  A shock serpent skeleton (Crypt:3)
  43 large abominations
  An emperor scorpion zombie (Dis:7)
  73 yaktaurs
  17 tormentors
  A yaktaur zombie (Hell)
  7 fire drakes
  6 kobold demonologists
  40 guardian mummies
  25 demonic crawlers
  2 silent spectres
  15 deep elf priests
  11 komodo dragons
  5 tengu conjurers
  15 freezing wraiths
  4 hydra zombies
  2 harpy zombies
  11 trolls
  46 hellwings
  40 red devils
  A catoblepas skeleton (Pan)
  37 merfolk
  5 ancient zymes
  2 polar bears
  A queen bee (shapeshifter) (Depths:1)
  A hydra skeleton (Coc:7)
  A merfolk (shapeshifter) (Depths:2)
  14 blue devils
  5 wind drakes
  3 ice dragon zombies
  A wind drake (shapeshifter) (Elf:1)
  35 jumping spiders
  A minotaur skeleton (Volcano)
  19 snapping turtles
  15 two-headed ogres
  10 ushabtiu
  25 blink frogs
  A boulder beetle (shapeshifter) (Depths:1)
  A slime creature (shapeshifter) (Depths:4)
  An alligator zombie (Hell)
  A harpy skeleton (Dis:2)
  85 slime creatures
  4 bog bodies
  8 boulder beetles
  4 ettin zombies
  15 ynoxinuls
  An ice dragon skeleton (Tomb:1)
  23 tarantellas
  10 fire dragon skeletons
  3 ettin skeletons
  4 fire dragon zombies
  76 yaks
  2 raiju
  21 trapdoor spiders
  23 wraiths
  53 redbacks
  A black mamba zombie (Dis:4)
  5 fire bats
  61 flying skulls
  A dire elephant simulacrum (Tomb:1)
  20 shadows
  20 neqoxecs
  39 spriggans
  A trapdoor spider (shapeshifter) (Vaults:2)
  A wyvern (D:13)
  2 hippogriffs (shapeshifter)
  15 water elementals
  42 deep elf magi
  2 hungry ghosts (Crypt:3)
  A spriggan (shapeshifter) (Vaults:4)
  A wolf (shapeshifter) (Vaults:4)
  A black mamba skeleton (Pan)
  7 fire elementals
  16 golden eyes
  11 hippogriffs
  A hog (shapeshifter) (Depths:1)
  31 deep elf fighters
  3 basilisks
  A yak (shapeshifter) (Elf:3)
  16 chaos spawn
  A mottled dragon (D:13)
  8 wargs
  A spatial vortex (Abyss:2)
  9 vampire mosquitoes
  11 porcupines
  8 vampires
  An insubstantial wisp (Abyss:1)
  A hydra simulacrum (Coc:5)
  11 water moccasins
  A redback simulacrum (D:15)
  4 soldier ants (Lair:1)
  7 spiny frog zombies
  22 wolves
  A faun skeleton (Crypt:2)
  20 ice beasts
  4 sky beasts
  63 hell hounds
  25 spiders
  An ice dragon simulacrum (Crypt:2)
  4 phantoms
  4 black bears
  A putrid demonspawn skeleton (Crypt:3)
  15 wasps
  7 necrophages
  58 orc warriors
  An anubis guard zombie (Crypt:2)
  A swamp dragon zombie (Tomb:1)
  3 spiny frog skeletons
  An eye of draining (shapeshifter) (Depths:1)
  10 eyes of draining
  A tengu (shapeshifter) (Vaults:5)
  2 snapping turtle zombies (Dis:7)
  30 ogres
  29 centaurs
  3 manticore skeletons (Volcano)
  4 big kobolds
  4 snapping turtle skeletons
  5 boggarts
  23 crocodiles
  31 giant frogs
  8 brain worms
  A gnoll sergeant (D:10)
  An earth elemental (Abyss:3)
  4 scorpions
  9 killer bees
  A troll zombie (Tomb:1)
  3 spriggan skeletons (Volcano)
  3 electric eels
  A vampire bat (Abyss:4)
  27 wights
  A wolf zombie (Crypt:1)
  12 crimson imps
  3 giant frog zombies
  An elf simulacrum (Abyss:1)
  4 hounds
  37 jellies
  6 quasits
  14 two-headed ogre zombies (Orc:1)
  2 giant frog skeletons
  A human zombie (Geh:2)
  A wasp zombie (D:12)
  7 centaur skeletons
  Crazy Yiuf (D:4)
  19 iron imps
  2 human skeletons
  28 orc priests
  33 orc wizards
  2 polar bear simulacra (Lair:3)
  Natasha (D:4)
  5 iguanas
  4 wolf simulacra (Lair:3)
  20 worker ants
  4 yak simulacra (Lair:3)
  A naga zombie (Coc:3)
  22 sheep
  A naga skeleton (Volcano)
  A hound zombie (D:11)
  A hound skeleton (D:6)
  85 mummies
  A worker ant zombie (D:9)
  56 river rats
  4 gnolls
  9 adders
  A scorpion zombie (Crypt:2)
  5 shadow imps
  A steam dragon skeleton (Crypt:1)
  9 white imps
  4 oozes (Lair:7)
  3 ufetubi (Abyss:1)
  An adder skeleton (Crypt:1)
  4 worms
  7 giant geckos
  218 orcs
  6 bat skeletons (Depths:3)
  A goblin (D:1)
  5 hobgoblins
  11 jackals
  5 ball pythons
  A ball python zombie (Crypt:2)
  7 bats
  7 giant cockroaches
  2 giant gecko skeletons
  10 giant newts
  A hobgoblin skeleton (Crypt:2)
  21 kobolds
  A kobold zombie (Tar:2)
  7 quokkas
  21 rats
  A river rat simulacrum (Lair:3)
  A bush (Depths:3)
  2 fungi (Lair:8)
  3 lost souls
  5 pillars of salt
  3 plants
4920 creatures vanquished.

Vanquished Creatures (collateral kills)
  Frederick (Depths:5)
  A golden dragon (Depths:5)
  An iron dragon (Depths:4)
  A frost giant (Depths:4)
  A chaos champion (Pan)
  A mottled draconian (Depths:5)
  An ettin (Depths:4)
  A green death (Pan)
  2 entropy weavers (Depths:1)
  A centaur warrior (Depths:3)
  A deep troll earth mage (Depths:3)
  2 soul eaters (Pan)
  A giant orange brain (Depths:4)
  A spriggan druid (Depths:3)
  3 deep trolls (Depths:4)
  An orb spider (Spider:4)
  An ugly thing (Depths:3)
  A frost giant skeleton (Depths:2)
  A blue devil (Depths:1)
  2 jumping spiders
  A two-headed ogre (Depths:2)
  A large abomination (Depths:4)
  2 slime creatures (Depths:2)
  A redback (Spider:2)
  2 yaks (Depths:3)
  5 spriggans (Depths:3)
  A chaos spawn (Depths:4)
  5 hell hounds (Geh:7)
  4 wasps (Depths:3)
  A small abomination (Depths:4)
  An orc priest (Depths:3)
  4 orcs (Depths:3)
53 creatures vanquished.

Vanquished Creatures (others)
  6 eldritch tentacles
  A draconian knight (Zot:4)
  3 bennus (Tomb:2)
  A red draconian (Zot:2)
  An ettin (Vaults:5)
  An ogre mage (Vaults:5)
  2 rakshasas
  A spriggan air mage (Depths:3)
  An orc high priest (Elf:2)
  A sea snake (Shoals:3)
  8 death scarabs
  2 skeletal warriors
  4 ball lightnings
  An anaconda zombie (Geh:7)
  A phantasmal warrior (Tar:2)
  A wolf spider zombie (Tomb:2)
  An orb spider (Spider:2)
  A moth of wrath (Zot:5)
  A dire elephant skeleton (Tomb:2)
  A smoke demon (Pan)
  A yaktaur (Depths:1)
  A deep elf priest (Elf:1)
  2 guardian mummies (Tomb:2)
  15 flying skulls
  A deep elf fighter (Elf:1)
  2 fire elementals (Depths:3)
  A vampire mosquito (Vaults:2)
  A soldier ant (Lair:1)
  An ogre (Vaults:5)
  A manticore skeleton (Geh:3)
  A small abomination (Abyss:1)
  5 mummies (Tomb:2)
  13 bushes
  480 eldritch tentacle segments
  49 fungi
  13 lost souls
  A lurking horror (Abyss:1)
  155 pillars of salt
  102 plants
  15 starspawn tentacles
  133 starspawn tentacle segments
1032 creatures vanquished.

Grand Total: 6005 creatures vanquished

Notes
Turn   | Place    | Note
--------------------------------------------------------------
     0 | D:1      | nubinia the Spriggan Venom Mage began the quest for the Orb.
     0 | D:1      | Reached XP level 1. HP: 9/9 MP: 5/5
   395 | D:1      | Reached XP level 2. HP: 10/13 MP: 1/6
  1095 | D:1      | Learned a level 2 spell: Cure Poison
  1277 | D:2      | Reached XP level 3. HP: 16/16 MP: 5/8
  1285 | D:1      | Learned a level 3 spell: Mephitic Cloud
  1728 | D:3      | Found a glowing drain.
  1732 | Sewer    | Entered a sewer
  1771 | Sewer    | Reached XP level 4. HP: 13/21 MP: 1/9
  2234 | D:3      | Found an ancient bone altar of Kikubaaqudgha.
  2453 | D:3      | Reached skill level 1 in Short Blades
  2503 | D:3      | Reached XP level 5. HP: 24/24 MP: 5/11
  3155 | D:4      | Reached skill level 5 in Stealth
  3300 | D:4      | Learned a level 1 spell: Magic Dart
  3345 | D:4      | Reached skill level 1 in Conjurations
  3345 | D:4      | Reached XP level 6. HP: 17/28 MP: 5/12
  3366 | D:4      | Reached skill level 5 in Poison Magic
  3633 | D:4      | Reached skill level 5 in Dodging
  3633 | D:4      | Reached skill level 6 in Stealth
  3749 | D:4      | Noticed Crazy Yiuf
  3776 | D:4      | Killed Crazy Yiuf
  3825 | D:4      | Noticed Natasha
  4145 | D:4      | Killed Natasha
  4145 | D:4      | Reached XP level 7. HP: 32/32 MP: 8/14
  4338 | D:5      | Entered Level 5 of the Dungeon
  4382 | D:5      | Reached skill level 1 in Fighting
  4637 | D:5      | Found Qiemuose's Gadget Shoppe.
  4796 | D:5      | Reached skill level 5 in Spellcasting
  5025 | D:5      | Reached XP level 8. HP: 37/37 MP: 12/16
  5103 | D:5      | Reached skill level 7 in Stealth
  5699 | D:6      | Reached skill level 1 in Air Magic
  5897 | D:6      | Found an opulent altar of Gozag.
  6137 | D:6      | Found a deep blue altar of Sif Muna.
  6141 | D:6      | Became a worshipper of Sif Muna the Loreminder
  6145 | D:6      | Found a bloodstained altar of Trog.
  6148 | D:6      | Found a snail-covered altar of Cheibriados.
  6524 | D:7      | Reached skill level 8 in Stealth
  6567 | D:7      | Found a basalt altar of Yredelemnul.
  6605 | D:7      | Found a staircase to the Ecumenical Temple.
  6680 | D:7      | Reached XP level 9. HP: 17/41 MP: 16/20
  6955 | D:7      | Found a glowing silver altar of Zin.
  7160 | D:7      | Got an ancient quarterstaff
  7161 | D:7      | Identified the cursed +1 quarterstaff of the Rattle-Snake {freeze, Str+4} (You took it off an orc wizard on level 7 of the Dungeon)
  7221 | D:8      | Found a basalt altar of Yredelemnul.
  7382 | D:8      | Acquired Sif Muna's first power
  8115 | D:9      | Reached skill level 9 in Stealth
  8406 | D:9      | Found a staircase to the Lair.
  8407 | D:9      | Noticed a komodo dragon
  8451 | D:9      | Killed a komodo dragon
  8460 | D:9      | Acquired Sif Muna's second power
  8465 | D:9      | Reached XP level 10. HP: 21/46 MP: 3/23
  8674 | D:9      | Found Nyod's Weapon Boutique.
  8934 | Lair:1   | Entered Level 1 of the Lair of Beasts
  9187 | Lair:1   | Learned a level 3 spell: Dazzling Spray
  9190 | Lair:1   | Learned a level 2 spell: Shroud of Golubria
  9260 | Lair:1   | Reached skill level 1 in Translocations
  9273 | Lair:1   | Reached skill level 10 in Stealth
  9273 | Lair:1   | Reached skill level 1 in Charms
  9275 | Lair:1   | Reached skill level 1 in Hexes
  9595 | Lair:1   | Noticed a queen ant
  9610 | Lair:1   | Killed a queen ant
  9610 | Lair:1   | Reached skill level 1 in Shields
 10038 | Lair:1   | Reached XP level 11. HP: 51/51 MP: 15/25
 10194 | Lair:1   | Noticed Erica
 10204 | Lair:1   | Killed Erica
 10204 | Lair:1   | Acquired Sif Muna's third power
 10204 | Lair:1   | Reached skill level 10 in Spellcasting
 10846 | Lair:2   | Found a dark tunnel.
 10846 | Lair:2   | Noticed a lindwurm
 10860 | Lair:2   | Killed a lindwurm
 10877 | Volcano  | Entered a volcano
 10994 | Volcano  | Reached skill level 5 in Charms
 11212 | Volcano  | Reached skill level 5 in Short Blades
 11262 | Volcano  | Reached skill level 11 in Stealth
 11262 | Volcano  | Reached skill level 5 in Translocations
 11388 | Volcano  | Noticed Menkaure
 11843 | Lair:2   | Reached skill level 5 in Conjurations
 11922 | Lair:2   | Learned a level 5 spell: Iskenderun's Battlesphere
 12382 | Lair:3   | Found a frozen archway.
 12391 | IceCv    | Entered an ice cave
 12464 | IceCv    | Noticed an ice statue
 12464 | IceCv    | Noticed an ice statue
 12715 | Lair:3   | Noticed a necromancer
 12720 | Lair:3   | Killed a necromancer
 12720 | Lair:3   | Reached skill level 5 in Hexes
 12990 | Lair:3   | Noticed a five-headed hydra
 13173 | Lair:3   | Reached XP level 12. HP: 56/56 MP: 2/28
 13612 | Lair:3   | Killed a five-headed hydra
 13699 | Lair:3   | Noticed a six-headed hydra
 13703 | Lair:3   | Killed a six-headed hydra
 13727 | Lair:3   | Noticed a six-headed hydra
 13747 | Lair:3   | Killed a six-headed hydra
 13747 | Lair:3   | Received a gift from Sif Muna
 13751 | Lair:3   | Learned a level 1 spell: Apportation
 13754 | Lair:3   | Learned a level 2 spell: Blink
 13759 | Lair:3   | Learned a level 4 spell: Passage of Golubria
 14113 | Lair:4   | Reached skill level 12 in Stealth
 14841 | Lair:5   | Noticed Snorg
 14873 | Lair:5   | Killed Snorg
 15215 | Lair:5   | Learned a level 3 spell: Regeneration
 15317 | Lair:5   | Found a staircase to the Shoals.
 15430 | Lair:5   | Noticed Maud
 16169 | Lair:6   | Reached XP level 13. HP: 60/60 MP: 8/30
 16546 | Lair:6   | Found a hole to the Spider Nest.
 16580 | Lair:6   | Noticed a seven-headed hydra
 16595 | Lair:6   | Killed a seven-headed hydra
 16595 | Lair:6   | Received a gift from Sif Muna
 16598 | Lair:6   | Identified Sif Muna's Grimoire of Helpful Curses (Sif Muna gifted it to you on level 6 of the Lair of Beasts)
 16805 | Lair:6   | Gained mutation: You have a pair of small horns on your head. [potion of mutation]
 16805 | Lair:6   | Gained mutation: You can translocate small distances at will. [potion of mutation]
 16805 | Lair:6   | Gained mutation: You have a somewhat thin skeletal structure (Dex +2, Stealth). [potion of mutation]
 16806 | Lair:6   | Gained mutation: You can breathe flames. [potion of mutation]
 16806 | Lair:6   | Gained mutation: Your spells are a little harder to cast, but a little more powerful. [potion of mutation]
 16806 | Lair:6   | Gained mutation: You are robust (+10% HP). [potion of mutation]
 16903 | Lair:6   | Reached skill level 10 in Dodging
 17073 | Lair:6   | Reached skill level 13 in Spellcasting
 17639 | Lair:6   | Learned a level 4 spell: Olgreb's Toxic Radiance
 17676 | Lair:7   | Found a viscous altar of Jiyva.
 17677 | Lair:7   | Found a runed door.
 18094 | Lair:7   | Found a staircase to the Slime Pits.
 19061 | Lair:7   | Killed Maud
 19061 | Lair:7   | Reached skill level 10 in Charms
 19086 | Lair:6   | Reached skill level 10 in Translocations
 19445 | Lair:7   | Received a gift from Sif Muna
 19452 | Lair:7   | Learned a level 4 spell: Cause Fear
 20253 | Lair:7   | Reached skill level 14 in Spellcasting
 20645 | Lair:8   | Entered Level 8 of the Lair of Beasts
 20680 | Lair:8   | Reached XP level 14. HP: 72/72 MP: 10/33
 21399 | Lair:8   | Got a fabulously ornate robe
 21410 | Lair:8   | Identified the +4 robe of Quantum Leap {Str+2} (You found it on level 8 of the Lair of Beasts)
 22184 | Lair:8   | Noticed a dire elephant
 22769 | Lair:8   | Found a burning altar of Makhleb.
 22774 | Lair:8   | Found a gateway to Hell.
 22924 | Lair:8   | Received a gift from Sif Muna
 23037 | Lair:8   | Reached skill level 15 in Spellcasting
 23191 | Lair:8   | Identified Sif Muna's Volume of Unstable Malediction (Sif Muna gifted it to you on level 8 of the Lair of Beasts)
 23206 | Lair:8   | Learned a level 6 spell: Dispersal
 23536 | D:10     | Entered Level 10 of the Dungeon
 23549 | D:10     | Noticed Maurice
 23558 | D:10     | Killed Maurice
 25190 | D:12     | Found a shimmering altar of Xom.
 25686 | D:12     | Found a staircase to the Orcish Mines.
 25750 | Orc:1    | Entered Level 1 of the Orcish Mines
 25750 | Orc:1    | Found Buzum's Magic Scroll Boutique.
 25762 | Orc:1    | Found Sameon's Armour Emporium.
 25917 | Orc:1    | Bought a scroll of acquirement for 832 gold pieces
 26268 | Orc:1    | Noticed Erolcha
 26440 | Orc:1    | Killed Erolcha
 26503 | Orc:2    | Reached skill level 5 in Air Magic
 26781 | Orc:2    | Reached XP level 15. HP: 72/77 MP: 9/35
 27059 | Orc:1    | Found Zamoutri's Assorted Antiques.
 27901 | Orc:4    | Entered Level 4 of the Orcish Mines
 27903 | Orc:4    | Found a roughly hewn altar of Beogh.
 27903 | Orc:4    | Found a staircase to the Elven Halls.
 28406 | Orc:4    | Found Qiugueri's Antique Weapon Shop.
 29498 | Orc:4    | Reached skill level 16 in Spellcasting
 29577 | Orc:4    | Received a gift from Sif Muna
 29611 | Orc:4    | Learned a level 2 spell: Repel Missiles
 30212 | Orc:4    | Reached skill level 15 in Stealth
 30268 | Orc:4    | Found Unyqatt's General Store.
 30271 | Orc:4    | Found Ungaoqin's Assorted Antiques.
 30272 | Orc:4    | Found Qaschil's Weapon Shoppe.
 30273 | Orc:4    | Found Guuqeax's Magic Scroll Emporium.
 30281 | Orc:4    | Bought a scroll of acquirement for 832 gold pieces
 30282 | Orc:4    | Got a pitted hat
 30293 | Orc:4    | Identified the -3 hat of the Morning {rPois rF+ MR- Stlth+} (You acquired it on level 4 of the Orcish Mines)
 30530 | Elf:1    | Entered Level 1 of the Elven Halls
 30544 | Elf:1    | Noticed Azrael
 31571 | Elf:1    | Killed Azrael
 31838 | Elf:2    | Received a gift from Sif Muna
 31845 | Elf:2    | Learned a level 4 spell: Iskenderun's Mystic Blast
 32756 | Elf:2    | Reached skill level 17 in Spellcasting
 33017 | Elf:2    | Found a huge runed gate.
 33017 | Elf:2    | Found a huge runed gate.
 33017 | Elf:2    | Found a huge runed gate.
 33017 | Elf:2    | Found a huge runed gate.
 33017 | Elf:2    | Found a huge runed gate.
 33248 | Elf:2    | Reached XP level 16. HP: 51/82 MP: 25/38
 34392 | Elf:2    | Received a gift from Sif Muna
 34749 | Elf:2    | Noticed a deep elf blademaster
 34761 | Elf:2    | Killed a deep elf blademaster
 35701 | Spider:1 | Entered Level 1 of the Spider Nest
 35735 | Spider:1 | Reached skill level 18 in Spellcasting
 38563 | Spider:3 | Noticed Norris
 38695 | Spider:2 | Killed Norris
 38863 | Spider:3 | Noticed Arachne
 39182 | Spider:3 | Received a gift from Sif Muna
 39185 | Spider:3 | Identified Pefaof's Guide on Dark Boosts (Sif Muna gifted it to you on level 3 of the Spider Nest)
 39195 | Spider:3 | Reached XP level 17. HP: 86/86 MP: 25/40
 39208 | Spider:3 | Reached skill level 1 in Evocations
 40077 | Spider:3 | Killed Arachne
 40077 | Spider:3 | Reached skill level 15 in Translocations
 40716 | Spider:4 | Entered Level 4 of the Spider Nest
 40877 | Spider:4 | Reached skill level 19 in Spellcasting
 43209 | Spider:4 | Received a gift from Sif Muna
 43209 | Spider:4 | Reached skill level 15 in Charms
 43210 | Spider:4 | Identified Sif Muna's Tome of Spatial Aid (Sif Muna gifted it to you on level 4 of the Spider Nest)
 43219 | Spider:4 | Learned a level 7 spell: Controlled Blink
 43501 | Spider:4 | Reached skill level 1 in Invocations
 43826 | Spider:4 | Upgraded the game from 0.17-a0-1778-gd369669 to 0.17-a0-1793-gcbb3aa1
 43909 | Spider:4 | Paralysed by a hornet for 2 turns
 44768 | Spider:4 | Got a gossamer rune of Zot
 44958 | Shoals:1 | Entered Level 1 of the Shoals
 46914 | D:13     | Reached XP level 18. HP: 92/92 MP: 16/42
 47309 | D:13     | Got a pitted falchion
 47310 | D:13     | Identified the cursed +0 falchion of Owkycusu {freeze, rF+} (You found it on level 13 of the Dungeon)
 47328 | D:13     | Learned a level 3 spell: Ozocubu's Armour
 47380 | D:13     | Noticed Urug
 47414 | D:13     | Killed Urug
 47566 | D:13     | Noticed Joseph
 47576 | D:13     | Killed Joseph
 47586 | D:13     | Noticed Harold
 47610 | D:13     | Killed Harold
 47948 | D:13     | Reached skill level 20 in Spellcasting
 48008 | D:13     | Received a gift from Sif Muna
 48370 | D:13     | Found a gate to the Vaults.
 48678 | Vaults:1 | Entered Level 1 of the Vaults
 48916 | Vaults:1 | Reached skill level 10 in Hexes
 51796 | Vaults:2 | Noticed Xtahua
 52770 | Vaults:2 | Received a gift from Sif Muna
 52776 | Vaults:2 | Identified Raibakkou's Reference Book on Snow (Sif Muna gifted it to you on level 2 of the Vaults)
 52782 | Vaults:2 | Learned a level 4 spell: Ice Form
 52873 | Vaults:2 | Reached skill level 1 in Transmutations
 53219 | Vaults:2 | Reached skill level 5 in Fighting
 53401 | Vaults:2 | Reached XP level 19. HP: 96/96 MP: 5/44
 53657 | Vaults:2 | Found a staircase to the Crypt.
 54127 | Vaults:2 | Reached skill level 21 in Spellcasting
 56492 | Shoals:1 | Noticed Frances
 56648 | Shoals:1 | Killed Frances
 57719 | Shoals:2 | Received a gift from Sif Muna
 57720 | Shoals:2 | Identified Sif Muna's Grimoire of Protection (Sif Muna gifted it to you on level 2 of the Shoals)
 58442 | Lair:5   | Learned a level 2 spell: Swiftness
 58448 | Lair:5   | Learned a level 5 spell: Warp Weapon
 58694 | Shoals:2 | Reached skill level 5 in Transmutations
 59087 | Shoals:3 | Reached skill level 1 in Ice Magic
 61837 | Shoals:4 | Entered Level 4 of the Shoals
 62150 | Shoals:4 | Got a barnacled rune of Zot
 63276 | Shoals:4 | Got an ancient scimitar
 63277 | Shoals:4 | Identified the +10 scimitar "Bucuch" {elec, Stlth+} (You took it off a merfolk on level 4 of the Shoals)
 63466 | Shoals:4 | Reached XP level 20. HP: 102/102 MP: 37/46
 63543 | Shoals:4 | Received a gift from Sif Muna
 63545 | Shoals:4 | Identified Sif Muna's Disquisition on Conjuration and Displacement (Sif Muna gifted it to you on level 4 of the Shoals)
 63782 | Shoals:4 | Reached skill level 22 in Spellcasting
 63809 | Shoals:4 | Reached skill level 10 in Conjurations
 63815 | Shoals:4 | Noticed Ilsuiw
 63821 | Shoals:4 | Killed Ilsuiw
 64682 | Shoals:4 | Identified the Collected Works on Lightness and Confrontation
 64687 | Shoals:4 | Learned a level 1 spell: Shock
 64692 | Shoals:4 | Learned a level 4 spell: Airstrike
 65100 | Shoals:1 | Upgraded the game from 0.17-a0-1793-gcbb3aa1 to 0.17-a0-1798-g879a7aa
 67185 | Vaults:3 | Received a gift from Sif Muna
 67186 | Vaults:3 | Identified Sif Muna's Catalogue of the Traveller (Sif Muna gifted it to you on level 3 of the Vaults)
 67192 | Vaults:3 | Learned a level 4 spell: Force Lance
 67992 | Vaults:3 | Got a crude hat
 68003 | Vaults:3 | Identified the +0 hat of Ifase {*Drain Str+4 Int+2 Dex+4} (You acquired it on level 3 of the Vaults)
 69337 | Vaults:4 | Noticed Nico3ck's ghost (mighty MiBe)
 70040 | Vaults:4 | Reached skill level 23 in Spellcasting
 70913 | Crypt:1  | Entered Level 1 of the Crypt
 70929 | Crypt:1  | Reached XP level 21. HP: 106/106 MP: 47/49
 70975 | Vaults:2 | Received a gift from Sif Muna
 70976 | Vaults:2 | Identified Sif Muna's Volume of Beguiling (Sif Muna gifted it to you on level 2 of the Vaults)
 72326 | Crypt:2  | Noticed Boris
 72330 | Crypt:2  | Noticed Khufu
 72334 | Crypt:2  | Killed Boris
 72335 | Crypt:2  | Noticed a greater mummy
 73376 | Crypt:2  | Noticed a greater mummy
 73964 | Crypt:3  | Entered Level 3 of the Crypt
 73964 | Crypt:3  | Noticed Donald
 73990 | Crypt:2  | Killed Donald
 75157 | Crypt:3  | Got a crystal hunting sling
 75158 | Crypt:3  | Identified the +2 hunting sling of the Extremes {freeze, MP+9 Str+3} (You found it on level 3 of the Crypt)
 75348 | Crypt:3  | Received a gift from Sif Muna
 75350 | Crypt:3  | Identified Akath's Compendium of the Birds (Sif Muna gifted it to you on level 3 of the Crypt)
 76009 | Crypt:3  | Found a staircase to the Tomb.
 76154 | Crypt:3  | Got a crude dagger
 76155 | Crypt:3  | Identified the +9 dagger of Trog's Outrage {pierce, rF+ rC+ MP-9 Int+4} (You found it on level 3 of the Crypt)
 77412 | Crypt:3  | Found an ancient bone altar of Kikubaaqudgha.
 77422 | Crypt:3  | Received a gift from Sif Muna
 77423 | Crypt:3  | Identified Sif Muna's Reference Book on Creative Enchantment (Sif Muna gifted it to you on level 3 of the Crypt)
 77781 | Crypt:3  | Identified the Reference Book on Dislocation (You found it on level 3 of the Crypt)
 77797 | Crypt:3  | Learned a level 5 spell: Phase Shift
 77877 | Crypt:3  | Got a fine tin ring
 77877 | Crypt:3  | Got a transparent silver ring
 77878 | Crypt:3  | Identified the ring of Liberalism {+Inv rN+ Int+5 Dex-3} (You found it on level 3 of the Crypt)
 77879 | Crypt:3  | Identified the ring "Zocaalex" {rF+ rN+ MR+} (You found it on level 3 of the Crypt)
 77930 | Crypt:3  | Identified Sif Muna's Collected Works on Good Luck and Earth
 78750 | Crypt:3  | Received a gift from Sif Muna
 78751 | Crypt:3  | Identified Sif Muna's Handbook of Changing (Sif Muna gifted it to you on level 3 of the Crypt)
 78993 | Vaults:1 | Reached XP level 22. HP: 111/111 MP: 22/50
 79582 | D:14     | Found Wiozy's Antique Weapon Shop.
 79806 | D:15     | Entered Level 15 of the Dungeon
 79815 | D:15     | Learned a level 1 spell: Animate Skeleton
 79957 | D:15     | Noticed Sonja
 79963 | D:15     | Killed Sonja
 80181 | D:15     | Received a gift from Sif Muna
 80245 | D:15     | Found a staircase to the Depths.
 80734 | Elf:3    | Entered Level 3 of the Elven Halls
 81885 | Elf:3    | Noticed 4thArraOfDagon's ghost (powerful DDBe)
 82131 | Elf:3    | Killed 4thArraOfDagon's ghost
 82272 | Elf:3    | Reached skill level 24 in Spellcasting
 82853 | Elf:3    | Received a gift from Sif Muna
 82867 | Elf:3    | Got a sparkling tin amulet
 82868 | Elf:3    | Identified the amulet of Twilight {Gourm Dex+2} (You took it off a deep elf annihilator on level 3 of the Elven Halls)
 83095 | Elf:3    | Got a faintly glowing mace
 83096 | Elf:3    | Identified the cursed +3 mace of Cheibriados's Pride {elec, Dex+5 SInv} (You took it off a deep elf annihilator on level 3 of the Elven Halls)
 83153 | Elf:3    | Got an ominously black robe
 83154 | Elf:3    | Identified the +1 robe of the Eight Moons {rElec Int+2} (You found it on level 3 of the Elven Halls)
 83217 | Elf:3    | Got an ancient dagger
 83218 | Elf:3    | Identified the +6 dagger of a treasure trove {antimagic, *Corrode rPois Str+3} (You found it on level 3 of the Elven Halls)
 83776 | Depths:1 | Entered Level 1 of the Depths
 83827 | Depths:1 | Found a sparkling altar of Nemelex Xobeh.
 84086 | Depths:1 | Found Ycuj's Armour Shoppe.
 84101 | Depths:1 | Found Ihyoruw's General Store.
 84106 | Depths:1 | Bought a potion of experience for 750 gold pieces
 84106 | Depths:1 | Reached skill level 1 in Necromancy
 84106 | Depths:1 | Reached XP level 23. HP: 115/115 MP: 52/52
 84162 | Depths:1 | Identified a +0 rod of ignition (10/10) (You found it on level 1 of the Depths)
 84227 | Depths:1 | Noticed Zebura's ghost (mighty CeFi)
 85268 | Depths:1 | Found Rofij's Jewellery Shoppe.
 86533 | Depths:1 | Received a gift from Sif Muna
 86535 | Depths:1 | Identified Lee's Handbook of Arcane Weapons (Sif Muna gifted it to you on level 1 of the Depths)
 86627 | Depths:1 | Found Cit Gokh's Assorted Antiques.
 87209 | Depths:1 | Found a one-way gate to the infinite horrors of the Abyss.
 87224 | Depths:1 | Found Lotayklajybb's Antique Armour Boutique.
 87232 | Depths:1 | Bought a runed cloak for 184 gold pieces
 87348 | Depths:1 | Reached XP level 24. HP: 97/121 MP: 7/52
 87833 | Depths:1 | Reached skill level 25 in Spellcasting
 88017 | Depths:2 | Found a gateway to a ziggurat.
 88107 | Depths:2 | Found a magical portal.
 88178 | WizLab   | Entered Iskenderun's Mystic Tower
 89883 | WizLab   | Received a gift from Sif Muna
 89884 | WizLab   | Identified Sif Muna's Compendium of Transmigration (Sif Muna gifted it to you in a wizard's laboratory)
 89910 | WizLab   | Identified Iskenderun's Reference Book on Battle Magic
 89910 | WizLab   | Identified Iskenderun's Almanac of Vitriolic Battle Magic
 89960 | Depths:2 | Upgraded the game from 0.17-a0-1798-g879a7aa to 0.17-a0-1804-gf6433eb
 91672 | Depths:3 | Found a bloodstained altar of Trog.
 92329 | Depths:3 | Noticed Mara
 92358 | Depths:3 | Noticed nubinia's illusion
 92558 | Depths:3 | Received a gift from Sif Muna
 92559 | Depths:3 | Identified Kytaras's Grimoire of Evil (Sif Muna gifted it to you on level 3 of the Depths)
 92824 | Depths:3 | Noticed Saint Roka
 93118 | Depths:3 | Noticed Boris
 93229 | Depths:3 | Killed Boris
 93650 | Depths:3 | Found a one-way gate leading to the halls of Pandemonium.
 93809 | Depths:3 | Reached skill level 26 in Spellcasting
 93912 | Depths:3 | Noticed the Enchantress
 93925 | Depths:3 | Killed the Enchantress
 94260 | Depths:3 | Got a faerie dragon armour
 94261 | Depths:3 | Identified the +1 faerie dragon armour {+Fly rCorr} (You took it off the Enchantress on level 3 of the Depths)
 95116 | Orc:4    | Bought a scroll of enchant armour for 120 gold pieces
 95116 | Orc:4    | Bought a scroll of enchant armour for 120 gold pieces
 96145 | Depths:3 | Noticed nubinia's illusion
 96148 | Depths:3 | Killed Mara
 96733 | Depths:3 | Received a gift from Sif Muna
 96793 | Depths:3 | Learned a level 6 spell: Deflect Missiles
 96958 | Depths:3 | Killed Saint Roka
 96958 | Depths:3 | Reached XP level 25. HP: 89/125 MP: 0/54
 97153 | Depths:3 | Your ally Saint Roka died
 98712 | Depths:2 | Learned a level 4 spell: Animate Dead
 98857 | Depths:5 | Entered Level 5 of the Depths
 99076 | Depths:5 | Noticed Sojobo
 99408 | Depths:4 | Killed Sojobo
 99408 | Depths:4 | Received a gift from Sif Muna
 99569 | Depths:4 | Identified Cigotuvi's Handbook of Lucky Black Magic (Sif Muna gifted it to you on level 4 of the Depths)
100149 | Depths:5 | Killed Frederick
100450 | Depths:5 | Found a gate to the Realm of Zot.
100688 | Depths:4 | Your ally Sojobo died
101069 | D:7      | Fell from the grace of Sif Muna
101069 | D:7      | Became a worshipper of Zin the Law-Giver
101069 | D:7      | Acquired Zin's first power
101069 | D:7      | Acquired Zin's second power
101070 | D:7      | Donated 2593 gold pieces to Zin
101084 | D:7      | Acquired Zin's third power
101322 | Crypt:1  | Acquired Zin's fourth power
102136 | Tomb:1   | Entered Level 1 of the Tomb of the Ancients
102997 | Depths:2 | Reached skill level 5 in Invocations
105494 | Tomb:1   | Reached skill level 15 in Dodging
107025 | Tomb:1   | Reached skill level 15 in Conjurations
107428 | Tomb:1   | Reached skill level 27 in Spellcasting
107584 | Tomb:1   | Reached XP level 26. HP: 122/128 MP: 55/55
108440 | Lair:1   | Learned a level 5 spell: Lightning Bolt
108446 | Lair:1   | Learned a level 5 spell: Fireball
108725 | Depths:2 | Learned a level 4 spell: Sticky Flame
109098 | Tomb:1   | Reached skill level 10 in Air Magic
110454 | Tomb:1   | Reached skill level 1 in Fire Magic
110620 | Tomb:2   | Noticed Mennas
111942 | Depths:2 | Reached skill level 5 in Shields
112345 | Slime:1  | Entered Level 1 of the Pits of Slime
112591 | Slime:2  | Noticed 4thArraOfDagon's ghost (mighty TrCK)
113261 | Slime:6  | Entered Level 6 of the Pits of Slime
113316 | Slime:6  | Gained mutation: You are weak. (Str -2) [a shining eye]
113346 | Slime:6  | Noticed achirane's ghost (legendary FoFi)
113414 | Slime:5  | Found a viscous altar of Jiyva.
113992 | Slime:3  | Reached skill level 10 in Short Blades
114648 | Depths:1 | Voluntarily entered the Abyss.
115056 | Abyss:1  | Upgraded the game from 0.17-a0-1804-gf6433eb to 0.17-a0-1805-g6093636
115297 | Abyss:1  | Found a burning altar of Makhleb.
115477 | Abyss:1  | Found a sacrificial altar of Ru.
115686 | Abyss:1  | Found a corrupted altar of Lugonu.
115818 | Abyss:1  | Lost mutation: You can breathe flames. [potion of cure mutation]
115818 | Abyss:1  | Lost mutation: You have a pair of small horns on your head. [potion of cure mutation]
115818 | Abyss:1  | Lost mutation: You are robust (+10% HP). [potion of cure mutation]
115818 | Abyss:1  | Lost mutation: You can translocate small distances at will. [potion of cure mutation]
115818 | Abyss:1  | Lost mutation: You are weak. (Str -2) [potion of cure mutation]
115818 | Abyss:1  | Lost mutation: Your spells are a little harder to cast, but a little more powerful. [potion of cure mutation]
116130 | Abyss:1  | Found a corrupted altar of Lugonu.
116525 | Abyss:2  | Found a corrupted altar of Lugonu.
116946 | Depths:1 | Escaped the Abyss
117073 | Hell     | Entered the Vestibule of Hell
117073 | Hell     | Noticed Geryon
118477 | Depths:4 | Voluntarily entered the Abyss.
118510 | Abyss:1  | Found a corrupted altar of Lugonu.
120748 | Abyss:1  | Found a corrupted altar of Lugonu.
120782 | Abyss:1  | Was forgiven by Sif Muna
120904 | Abyss:1  | Found a corrupted altar of Lugonu.
121649 | Abyss:4  | Identified a +1 rod of the swarm (12/12) (You found it on level 4 of the Abyss)
122092 | Abyss:5  | Entered Level 5 of the Abyss
122253 | Abyss:5  | Got an abyssal rune of Zot
122301 | Depths:4 | Escaped the Abyss
123260 | Slime:2  | Killed 4thArraOfDagon's ghost
123835 | Slime:6  | Noticed the royal jelly
123838 | Slime:6  | Found a viscous altar of Jiyva.
123842 | Slime:6  | Killed the royal jelly
123842 | Slime:6  | Reached XP level 27. HP: 122/125 MP: 51/55
123863 | Slime:6  | Got a slimy rune of Zot
125413 | Slime:6  | Got a bloodstained storm dragon armour
125414 | Slime:6  | Identified the +0 storm dragon armour of Ru's Scorn {+Blink rElec MP+9 Dex-5} (You found it on level 6 of the Pits of Slime)
125459 | Slime:6  | Got a translucent garnet amulet
125460 | Slime:6  | Identified the amulet of Suspicion {rCorr -Tele rPois rF+ Int+4} (You found it on level 6 of the Pits of Slime)
125522 | Slime:6  | Identified the Reference Book on Glacial Hexes (You found it on level 6 of the Pits of Slime)
126583 | Vaults:4 | Killed Nico3ck's ghost
126907 | Vaults:4 | Found Dore's Weapon Shop.
128021 | Vaults:5 | Entered Level 5 of the Vaults
128122 | Vaults:4 | Reached skill level 10 in Invocations
129503 | Vaults:5 | Noticed an ancient lich
131631 | Vaults:5 | Found Carof's Jewellery Emporium.
131720 | Vaults:5 | Identified a +2 rod of ignition (13/13) (You found it on level 5 of the Vaults)
131821 | Vaults:5 | Got an ichor-stained troll leather armour
131822 | Vaults:5 | Identified the cursed +1 troll leather armour of Coul {+Fly rN+ Regen+} (You took it off an ironbrand convoker on level 5 of the Vaults)
132458 | Vaults:5 | Got a silver rune of Zot
133851 | Zot:1    | Entered Level 1 of the Realm of Zot
134444 | Zot:1    | Noticed an orb of fire
134664 | Zot:1    | Killed an orb of fire
137235 | Depths:1 | Bought the cursed +2 broad axe of the Vase {freeze, rElec MP+9} for 423 gold pieces
137293 | Depths:1 | Killed Zebura's ghost
139821 | Zot:2    | Noticed an orb of fire
140103 | Zot:2    | Killed an orb of fire
144015 | Zot:4    | Reached skill level 5 in Fire Magic
145109 | Zot:5    | Entered Level 5 of the Realm of Zot
145109 | Zot:5    | Noticed an orb of fire
145111 | Zot:5    | Killed an orb of fire
146566 | Zot:5    | Noticed an ancient lich
146574 | Zot:5    | Killed an ancient lich
146694 | Zot:5    | Noticed an ancient lich
146699 | Zot:5    | Killed an ancient lich
146870 | Zot:5    | Noticed an ancient lich
146899 | Zot:5    | Noticed an orb of fire
146908 | Zot:5    | Killed an orb of fire
147156 | Zot:5    | Killed an ancient lich
147454 | Zot:5    | Noticed an ancient lich
147472 | Zot:5    | Killed an ancient lich
147527 | Zot:5    | Noticed an ancient lich
147533 | Zot:5    | Killed an ancient lich
147669 | Zot:5    | Noticed an orb of fire
147695 | Zot:5    | Killed an orb of fire
148217 | Zot:5    | Noticed an orb of fire
148226 | Zot:5    | Noticed an ancient lich
148242 | Zot:5    | Killed an orb of fire
148464 | Zot:5    | Noticed an ancient lich
148475 | Zot:5    | Killed an ancient lich
148603 | Zot:5    | Noticed an ancient lich
149399 | Zot:5    | Killed an ancient lich
150506 | Zot:5    | Got a bound glass ring
150507 | Zot:5    | Identified the ring of Perfectionism {MP+9 SInv Stlth+} (You took it off a red draconian on level 5 of the Realm of Zot)
150920 | Zot:5    | Reached skill level 27 in Stealth
152499 | Tomb:1   | Reached skill level 15 in Short Blades
154221 | Tomb:1   | Killed Mennas
154269 | Tomb:1   | Upgraded the game from 0.17-a0-1805-g6093636 to 0.17-a0-1830-g81820eb
155801 | Tomb:2   | Reached skill level 27 in Translocations
160241 | Tomb:3   | Entered Level 3 of the Tomb of the Ancients
161108 | Tomb:3   | Reached skill level 10 in Shields
161757 | Tomb:2   | Cast into the Abyss (the power of Zot)
161864 | Abyss:1  | Found a corrupted altar of Lugonu.
161977 | Tomb:2   | Escaped the Abyss
162713 | Tomb:2   | Reached skill level 15 in Invocations
162940 | Tomb:3   | Noticed an ancient lich
163415 | Tomb:2   | Killed an ancient lich
164664 | Tomb:2   | Reached skill level 10 in Fighting
165810 | Tomb:3   | Got a faintly glowing cloak
165821 | Tomb:3   | Identified the +0 cloak "Bopp" {rC- rCorr MP+9 SInv} (You found it on level 3 of the Tomb of the Ancients)
165841 | Tomb:3   | Got a coiled bronze ring
165842 | Tomb:3   | Identified the ring "Lodiess" {Fire rPois MR+ Str-4 Stlth+} (You found it on level 3 of the Tomb of the Ancients)
165939 | Tomb:3   | Got a golden rune of Zot
166778 | Tomb:3   | Got a twisted short sword
166779 | Tomb:3   | Identified the +10 short sword of the Abyss {venom, MP+9 Int+2 Dex-2 Stlth-} (You found it on level 3 of the Tomb of the Ancients)
168153 | Vaults:4 | Got a jewelled short sword
168154 | Vaults:4 | Identified the +5 short sword of Okawaru's Pride {speed, rN+} (You found it on level 4 of the Vaults)
168214 | Vaults:4 | Killed an ancient lich
168541 | Depths:3 | Noticed nubinia's illusion
168541 | Depths:3 | Killed Mara
168543 | Depths:3 | Killed Mara
168544 | Depths:3 | Killed Mara
168827 | Pan      | Entered Pandemonium
168885 | Pan      | Found an exit through the horrors of the Abyss.
169008 | Pan      | Noticed Cugol the pandemonium lord
169010 | Pan      | Killed Cugol the pandemonium lord
169239 | Pan      | Found an exit through the horrors of the Abyss.
169478 | Pan      | Noticed Viprupnony the pandemonium lord
169548 | Pan      | Found an exit through the horrors of the Abyss.
169581 | Pan      | Noticed Houmnid the pandemonium lord
169618 | Pan      | Took an exit into the Abyss.
169618 | Abyss:1  | Escaped into the Abyss
169631 | Depths:3 | Escaped the Abyss
169679 | Pan      | Entered Pandemonium
169686 | Pan      | Found a glowing silver altar of Zin.
172643 | Pan      | Reached skill level 27 in Dodging
176633 | Pan      | Got a flickering brass amulet
176634 | Pan      | Identified the amulet "Juqak" {+Rage MR++ Str+3} (You took it off a cherub in Pandemonium)
177388 | Pan      | Upgraded the game from 0.17-a0-1830-g81820eb to 0.17-a0-1831-gaadb308
179222 | Pan      | Noticed a seraph
179458 | Pan      | Got a clouded amber ring
179459 | Pan      | Identified the ring of Life {SustAt *Contam rN+ Str+3} (You took it off an angel in Pandemonium)
179665 | Pan      | Got a shimmering glass ring
179666 | Pan      | Identified the ring "Tauciledd" {SustAt +Blink rF+ Dex+4} (You took it off an angel in Pandemonium)
179679 | Pan      | Got a faintly glowing hunting sling
179680 | Pan      | Identified the +7 hunting sling of Mayhem {speed, rC++ MR+} (You took it off an angel in Pandemonium)
179873 | Pan      | Found a glowing golden altar of the Shining One.
179887 | Pan      | Got a demonic rune of Zot
179889 | Pan      | Got a transparent hand axe
180042 | Pan      | Identified the cursed +2 hand axe of Arbitration {flame, Dex+4} (You found it in Pandemonium)
180099 | Pan      | Learned a level 4 spell: Summon Lightning Spire
180261 | Pan      | Noticed Dolacynn the pandemonium lord
180639 | Pan      | Entered the realm of Cerebov.
181932 | Pan      | Found an exit through the horrors of the Abyss.
182235 | Pan      | Got a steaming ivory amulet
182236 | Pan      | Identified the amulet "Zownukod" {rMut MP+9} (You took it off a balrug in Pandemonium)
183100 | Pan      | Identified Sif Muna's Guide on Execration
183176 | Pan      | Noticed Cerebov
183625 | Pan      | Identified the Handbook of Battle Magic and Snow
183700 | Pan      | Got a fiery rune of Zot
183759 | Pan      | Took an exit into the Abyss.
183759 | Abyss:1  | Escaped into the Abyss
183794 | Depths:3 | Escaped the Abyss
183823 | Pan      | Entered Pandemonium
183955 | Pan      | Noticed Acraptup the pandemonium lord
184014 | Pan      | Found an exit through the horrors of the Abyss.
184023 | Pan      | Took an exit into the Abyss.
184023 | Abyss:1  | Escaped into the Abyss
184032 | Depths:3 | Escaped the Abyss
184125 | Depths:4 | Learned a level 6 spell: Mass Confusion
184214 | Pan      | Entered Pandemonium
184337 | Pan      | Noticed Jyliqior the pandemonium lord
184512 | Pan      | Entered the realm of Gloorx Vloq.
185088 | Pan      | Found an exit through the horrors of the Abyss.
186010 | Pan      | Got a pitted cloak
186011 | Pan      | Identified the +1 cloak "Boneusk" {rF+ MP+9} (You found it in Pandemonium)
186071 | Pan      | Reached skill level 15 in Air Magic
186096 | Pan      | Noticed Gloorx Vloq
186141 | Pan      | Got a dark rune of Zot
186330 | Depths:3 | Escaped Pandemonium
186332 | Pan      | Entered the realm of Lom Lobon.
186332 | Pan      | Entered Pandemonium
187200 | Pan      | Got an iridescent rapier
187201 | Pan      | Identified the +6 rapier of Kull {vamp, -Tele *Confuse rPois Str+3} (You found it in Pandemonium)
187296 | Pan      | Found an exit through the horrors of the Abyss.
187544 | Pan      | Got an ancient cloak
187545 | Pan      | Identified the cursed +0 cloak "Veliwkij" {rPois rF+ rC- rN+++} (You found it in Pandemonium)
188485 | Pan      | Noticed Lom Lobon
188945 | Pan      | Got a magical rune of Zot
189330 | Pan      | Noticed Redwaho the pandemonium lord
189551 | Pan      | Noticed Gloorx Vloq
189844 | Pan      | Noticed Ygigeusm the pandemonium lord
189893 | Pan      | Found an exit through the horrors of the Abyss.
189902 | Pan      | Took an exit into the Abyss.
189902 | Abyss:1  | Escaped into the Abyss
189945 | Depths:3 | Escaped the Abyss
189947 | Pan      | Entered the realm of Mnoleg.
189947 | Pan      | Entered Pandemonium
190588 | Pan      | Reached skill level 15 in Hexes
191113 | Pan      | Found an exit through the horrors of the Abyss.
191306 | Pan      | Noticed Mnoleg
191480 | Pan      | Paralysed by a giant eyeball for 4 turns
191497 | Pan      | Got a glowing rune of Zot
191575 | Pan      | Took an exit into the Abyss.
191575 | Abyss:1  | Escaped into the Abyss
192056 | Depths:3 | Escaped the Abyss
193085 | Hell     | Killed Geryon
193340 | Hell     | Found a gateway to the Iron City of Dis.
193602 | Hell     | Found a gateway to the freezing wastes of Cocytus.
194065 | Hell     | Found a gateway to the ashen valley of Gehenna.
194179 | Hell     | Found a gateway to the decaying netherworld of Tartarus.
194392 | Dis:1    | Entered Level 1 of the Iron City of Dis
197957 | Dis:6    | Reached skill level 5 in Ice Magic
198470 | Dis:7    | Entered Level 7 of the Iron City of Dis
199011 | Dis:7    | Gained mutation: You are weak. (Str -2) [mutagenic glow]
201982 | Dis:7    | Noticed Dispater
201986 | Dis:7    | Got an iron rune of Zot
202083 | Coc:1    | Entered Level 1 of Cocytus
202118 | Coc:2    | You fall through a shaft!
202494 | Coc:7    | Entered Level 7 of Cocytus
202820 | Coc:5    | You fall through a shaft!
202995 | Coc:7    | Noticed Antaeus
202997 | Coc:7    | Got an icy rune of Zot
203022 | Coc:7    | Noticed the Serpent of Hell
203334 | Tar:1    | Entered Level 1 of Tartarus
204284 | Tar:3    | You fall through a shaft!
204379 | Tar:7    | Entered Level 7 of Tartarus
205811 | Tar:7    | Noticed Ereshkigal
205836 | Tar:7    | Got a bone rune of Zot
205974 | Geh:1    | Entered Level 1 of Gehenna
206095 | Geh:7    | Entered Level 7 of Gehenna
206716 | Geh:7    | Noticed Asmodeus
206720 | Geh:7    | Got an obsidian rune of Zot
206728 | Geh:7    | Donated 4620 gold pieces to Zin
207140 | Zot:5    | Noticed an ancient lich
207295 | Zot:5    | Got the Orb of Zot
207571 | Depths:4 | Noticed a seraph
207575 | Depths:4 | Noticed Qexkostil the pandemonium lord
208018 | D:$      | Escaped with the Orb!

Vault maps used:
D:1:      onia_arrival_larder
D:3:      lemuel_round_altar, gup_sewer_entry_bowl, grunt_ministairs_1
D:4:      uniq_natasha, uniq_crazy_yiuf_cottage
D:5:      first_bread, serial_shops, shop
D:6:      grunt_temple_overflow_diamond,
          nicolae_gozag_cash_rules_everything_around_me
D:7:      zin_scriptorium, lemuel_crystal_altar, minmay_temple_entry_large_hall,
          the_bakery
D:8:      corner_web_ring, yredelemnul_altar_generic
D:9:      david_lair_shrubbed, serial_shops, shop, due_unseen_surprise
D:10:     hangedman_decor_growths, uniq_maurice
D:11:     st_stairs_11, hangedman_decor_opposing, grunt_ministairs_15,
          minmay_joined_circles
D:12:     minmay_separated_statues, orc_0_dummy, basic_altar,
          nicolae_two_hexagons
D:13:     minmay_containers, lightli_vaults_fourway_checkpoint, sword_in_stone
D:14:     serial_shops, kennysheep_little_box
D:15:     grunt_enter_depths_snipers, uniq_sonja
Lair:1:   wad_woods_antlair, grunt_megastairs_2, bh_autumn_forest_stairs,
          uniq_erica
Lair:2:   nicolae_volcano_entry_vermiform, minmay_holes, patterned_corridor
Lair:3:   portal_ice_cave_entry_pillars_02, eino_house_with_fridge
Lair:5:   minmay_shoals_entry_hut, roderic_lost_polar_bear, uniq_snorg,
          uniq_maud
Lair:6:   nicolae_spider_entry_non_spiders, guppyfry_lair_drakes
Lair:7:   slime_altar_2, st_stairs_7, ice2_lemuel, infiniplex_staircase_pool
Lair:8:   evil_forest, minivault_27
Shoals:1: uniq_frances
Shoals:3: nicolae_shoals_aquamancer_cove
Shoals:4: shoals_end_simple, shoals_ilsuiw_alternative
Spider:2: hangedman_spider_tarantella_strand
Spider:3: uniq_arachne, uniq_norris
Spider:4: grunt_spider_rune_island, nicolae_spider_webs_and_nodes
Slime:2:  nicolae_slime_round_cave
Slime:5:  basic_altar, nicolae_slime_phagocytosis
Orc:1:    lemuel_ogre_cave, serial_shops, nicolae_shop_statue_plus, shop, shop
Orc:3:    nicolae_orc_pool_cavern
Orc:4:    st_orc_pillars, basic_altar, serial_shops, shop_coins
Elf:1:    hangedman_elf_disciples, uniq_azrael
Elf:3:    minmay_elf_hall_hex, serial_sigils_hangedman_scratch
Vaults:1: nicolae_vaults_fighting_squares, nicolae_vaults_shelves_hall,
          v_misc_11, ontoclasm_vaults_fault, grunt_vaults_funnel,
          vaults_dpeg_hooks
Vaults:2: nicolae_vaults_circle_grid_b, minmay_crypt_entry_vampire_xt, v_misc_4,
          grunt_vaults_hallway_short, nicolae_vaults_three_branches, v_rooms_6,
          v_pattern_1, vaults_room_hallway, v_misc_14, dpeg_vaults_monster_box,
          uniq_xtahua
Vaults:3: vaults_mumra_lcd, v_rooms_6, vaults_mumra_minichess_inversion,
          st_quartered_hall, hangedman_vaults_unwind, grunt_vaults_focal,
          hangedman_vaults_stagger, hangedman_vaults_snaps,
          nicolae_vaults_gold_heap, vaults_standard_mumra_x,
          vaults_mumra_chevron, nicolae_vaults_ring_of_whatevers,
          nicolae_vaults_angled_halls, grunt_vaults_hallway_long
Vaults:4: ontoclasm_vaults_eye, grunt_vaults_trifunnel, v_misc_4, st_eye,
          v_misc_31, nicolae_vaults_yaktaur_gun_rack, v_misc_16,
          ontoclasm_vaults_decontamination, nicolae_vaults_circle_grid_a,
          nicolae_vaults_what_the_h, serial_shops, shop_coins
Vaults:5: serial_shops
Crypt:2:  uniq_boris, uniq_khufu
Crypt:3:  quadcrypt_mu, uniq_donald
Tomb:2:   uniq_mennas
Depths:1: abyss_entry_crystal, pf_hell_entry_tar_river, abandoned_shop,
          serial_shops, kennysheep_mini_moat, nicolae_shop_behind_doors, shop,
          nicolae_shop_trees, shop, minmay_fountain_box, grunt_ministairs_14,
          minmay_misc_feat_diagonals, nemelex_xobeh_ov_fountains_minmay
Depths:2: minmay_open_boxes_in_corner, enter_ziggurat_f, hell_entry,
          mu_enter_wizlab_1, hex_tiny, minmay_staircase_windowed_small,
          serial_bayou_shore_a, roderic_lattice_octagonal_star
Depths:3: spriggan_forest, pan_entry, hell_entry, uniq_saint_roka, uniq_mara,
          uniq_boris
Depths:4: grunt_bruiser_brothers, minmay_room_of_horrors,
          infiniplex_staircase_pool_1, hell_entry
Depths:5: evilmike_zot_entry_basic, serial_sigils,
          serial_sigils_hangedman_confine, serial_sigils_hangedman_writhe,
          serial_sigils_hangedman_stare, serial_sigils_hangedman_leer,
          pf_vacation_house_of_asmodeus, hangedman_decor_points, abyss_entry,
          minmay_hedge_maze, uniq_frederick, uniq_sojobo
Dis:1:    grunt_megastairs_4
Dis:5:    evilmike_ambush
Dis:6:    hangedman_iron_city_apartments, hangedman_player_shredder
Dis:7:    dis_st
Geh:5:    evilmike_ambush
Geh:7:    geh_hangedman
Coc:7:    coc_grunt
Tar:4:    hangedman_damned_closets
Tar:7:    tar_old
Zot:1:    lemuel_draconian_sentries_small, hangedman_zot_diagonal_lockstep
Zot:2:    grunt_zot_stairs_mandelzot
Abyss:1:  evilmike_abyss_exit_kraken, evilmike_abyss_exit_disperse,
          hangedman_cross_veins, grunt_abyss_exit_deep_breaths
Abyss:2:  bh_silent_lugonu_exit, hangedman_elemental_corridor
Abyss:3:  evilmike_abyss_exit_11, hangedman_abyss_or_decor_stabs
Abyss:4:  hangedman_classic_abyss_death, evilmike_abyss_rune_tentacle_tunnel
Abyss:5:  hangedman_stitches_earthworm, evilmike_abyss_rune_ettins,
          hangedman_abyss_exit_choices
Pan:      grunt_pan_pentagram, rand_demon_6, pan_captured_pigsty,
          evilmike_mini_pan_thingy, pan_blood_fountain, nicolae_pan_sigil_nadil,
          evilmike_holy_pan, lemuel_hall_of_pain, evilmike_mini_pan_pillars_b,
          nicolae_pan_gloorx_vloqian_2, cerebov_st, pan_blood_fountain_2,
          grunt_pan_zigzag, pan_blood_fountain_small, reaverb_pan_squares,
          nicolae_pan_cerebovesque_2, evilmike_mini_pan_pillars,
          pan_blood_fountain, pan_blood_fountain_small, nicolae_pan_diamonds,
          nicolae_pan_gloorx_vloqian_1, lemuel_hellion_island, gloorx_vloq,
          evilmike_mini_pan_V, lom_lobon_spiral_st,
          nicolae_pan_gloorx_vloqian_4, rand_demon_3, pan_blood_fountain_small,
          nicolae_pan_lom_lobonic_2, grunt_pan_frozen_over,
          nicolae_pan_hourglass, uniq_gloorx_vloq, evilmike_mnoleg_eyes
Sewer:    sewer_co_cracked_pipes
IceCv:    ice_cave_statue_garden_01
Volcano:  volcano_tomb
WizLab:   wizlab_iskenderun

Action                   |  1- 3 |  4- 6 |  7- 9 | 10-12 | 13-15 | 16-18 | 19-21 | 22-24 | 25-27 || total
-------------------------+-------+-------+-------+-------+-------+-------+-------+-------+-------++-------
Melee: Dagger            |    41 |       |       |       |     5 |   720 |   143 |       |       ||   909
       Short sword       |     8 |    91 |   192 |   441 |  1029 |       |       |       |       ||  1761
       Flail             |       |       |       |       |       |    31 |     9 |       |       ||    40
       Rapier            |       |       |       |       |       |       |   523 |   690 |  7780 ||  8993
       Unarmed           |       |       |       |       |       |       |    20 |       |       ||    20
       Quick blade       |       |       |       |       |       |       |       |       |   186 ||   186
 Fire: Blowgun           |       |       |       |       |       |       |    25 |       |       ||    25
 Cast: Sting             |    50 |    69 |    88 |   117 |   293 |   445 |   239 |       |       ||  1301
       Mephitic Cloud    |       |     3 |    19 |    54 |    85 |    95 |    37 |    37 |    88 ||   418
       Magic Dart        |       |       |    49 |    75 |   235 |   191 |   271 |   249 |   343 ||  1413
       Cure Poison       |       |       |     1 |     1 |    21 |     4 |     6 |       |       ||    33
       Dazzling Spray    |       |       |       |    66 |   149 |   360 |   369 |    59 |   643 ||  1646
       Iskenderun's Batt |       |       |       |    19 |   129 |   218 |   239 |   137 |   706 ||  1448
       Shroud of Golubri |       |       |       |     6 |    18 |    27 |    46 |    17 |   151 ||   265
       Passage of Golubr |       |       |       |       |     6 |     1 |     3 |       |    20 ||    30
       Olgreb's Toxic Ra |       |       |       |       |    20 |     3 |     2 |       |       ||    25
       Blink             |       |       |       |       |     2 |     3 |     1 |       |     9 ||    15
       Apportation       |       |       |       |       |     1 |     2 |     5 |       |    27 ||    35
       Repel Missiles    |       |       |       |       |     1 |       |     3 |     4 |       ||     8
       Iskenderun's Myst |       |       |       |       |       |   112 |   178 |    85 |  1090 ||  1465
       Ozocubu's Armour  |       |       |       |       |       |     9 |    59 |    19 |   147 ||   234
       Controlled Blink  |       |       |       |       |       |     1 |     2 |     1 |     9 ||    13
       Ice Form          |       |       |       |       |       |       |    19 |     4 |       ||    23
       Regeneration      |       |       |       |       |       |       |     3 |     1 |       ||     4
       Swiftness         |       |       |       |       |       |       |     3 |       |       ||     3
       Dispersal         |       |       |       |       |       |       |     8 |     4 |    74 ||    86
       Airstrike         |       |       |       |       |       |       |   187 |   288 |   844 ||  1319
       Force Lance       |       |       |       |       |       |       |   119 |   151 |  1096 ||  1366
       Phase Shift       |       |       |       |       |       |       |     1 |    21 |   149 ||   171
       Animate Skeleton  |       |       |       |       |       |       |       |   108 |    19 ||   127
       Deflect Missiles  |       |       |       |       |       |       |       |     1 |    16 ||    17
       Animate Dead      |       |       |       |       |       |       |       |       |    15 ||    15
       Sticky Flame      |       |       |       |       |       |       |       |       |   239 ||   239
       Fireball          |       |       |       |       |       |       |       |       |    38 ||    38
       Summon Lightning  |       |       |       |       |       |       |       |       |    13 ||    13
       Mass Confusion    |       |       |       |       |       |       |       |       |     2 ||     2
Invok: Channel Energy    |       |       |       |       |       |    11 |       |       |     1 ||    12
       Forget Spell      |       |       |       |       |       |       |     1 |     2 |     2 ||     5
       Recite            |       |       |       |       |       |       |       |       |   307 ||   307
       Sanctuary         |       |       |       |       |       |       |       |       |    11 ||    11
       Donate Gold       |       |       |       |       |       |       |       |       |     2 ||     2
       Vitalisation      |       |       |       |       |       |       |       |       |     2 ||     2
 Abil: End Transformatio |       |       |       |       |       |       |     6 |     4 |       ||    10
Evoke: Wand              |       |       |       |     1 |     4 |    15 |     3 |     2 |    23 ||    48
       Phial of floods   |       |       |       |       |       |     1 |     1 |     1 |     1 ||     4
       Lamp of fire      |       |       |       |       |       |       |       |     1 |     4 ||     5
       Phantom mirror    |       |       |       |       |       |       |       |     1 |       ||     1
       Stone of tremors  |       |       |       |       |       |       |       |       |     2 ||     2
  Use: Scroll            |     7 |     1 |     3 |    10 |     9 |     5 |    20 |    17 |    66 ||   138
       Potion            |     1 |     6 |     3 |     3 |     5 |     2 |     1 |     8 |    27 ||    56
 Stab: Sleeping          |     5 |    11 |    16 |    32 |    95 |    28 |    65 |    71 |   255 ||   578
       Confused          |       |     1 |    12 |    30 |    41 |    53 |    18 |    28 |   161 ||   344
       Distracted        |       |       |     2 |     3 |     6 |     3 |     6 |    17 |   106 ||   143
       Invisible         |       |       |       |     3 |    19 |    61 |    67 |    12 |   185 ||   347
       Paralysed         |       |       |       |       |       |       |       |       |     3 ||     3
  Eat: Bread ration      |       |     1 |       |     1 |     3 |     2 |     3 |     3 |    17 ||    30
       Fruit             |       |       |       |     8 |     3 |    11 |       |       |    18 ||    40
       Pizza             |       |       |       |     3 |     3 |       |     2 |     1 |     6 ||    15
       Royal jelly       |       |       |       |       |     1 |     2 |     1 |       |     2 ||     6
